 Dungeon Crawl Stone Soup version 0.22-a0-247-gbddf880 (webtiles) character file.

1474 wolfsongas the Quickloader (level 8, 0/57 HPs)
             Began as a Gnoll Hunter on Feb 23, 2018.
             Was an Initiate of Gozag.
             Slain by a wight
             ... wielding a cursed +0 battleaxe
              (4 damage)
             ... on level 7 of the Dungeon.
             The game lasted 00:10:01 (5824 turns).

wolfsongas the Quickloader (Gnoll Hunter)           Turns: 5824, Time: 00:10:02

Health: 0/57       AC:  7    Str: 17    XL:     8   Next: 78%
Magic:  11/11      EV:  6    Int: 14    God:    Gozag
Gold:   348        SH: 12    Dex: 15    Spells: 14/14 levels left

rFire    + . .     SeeInvis +   t - +3 hand axe (venom)
rCold    + . .     Gourm    .   y - +4 shield of the Dice {rPois rC+ rCorr}
rNeg     . . .     Faith    .   g - +0 chain mail
rPois    +         Spirit   .   (helmet restricted)
rElec    .         Reflect  .   m - +0 cloak
rCorr    +         Harm     .   e - +1 pair of gloves
MR       .....                  (no boots)
Stlth    ..........             (no amulet)
HPRegen  0.19/turn              q - ring of see invisible
MPRegen  0.12/turn              (no ring)

@: heavily drained
A: distributed training, fangs 1, horns 1, deformed body, fire resistance 1,
frail 1, low mp 1, strong nose
a: Potion Petition, Call Merchant, Bribe Branch, Renounce Religion


You were on level 7 of the Dungeon.
You worshipped Gozag.
Gozag was aware of your devotion.
You were hungry.

You visited 2 branches of the dungeon, and saw 8 of its levels.

You collected 468 gold pieces.
You paid 120 gold pieces to Gozag.

Inventory:

Hand Weapons
 a - a +1 hand crossbow
 l - a +0 rapier
 t - a +3 hand axe of venom (weapon)
Missiles
 d - 97 bolts
Armour
 e - a +1 pair of gloves (worn)
 g - a +0 chain mail (worn)
 m - a +0 cloak (worn)
 y - the +4 shield of the Dice (worn) {rPois rC+ rCorr}
   (You found it on level 5 of the Dungeon)

   It protects you from cold.
   It protects you from poison.
   It protects you from acid and corrosion.
Jewellery
 q - a ring of see invisible (left hand)
Wands
 r - a wand of random effects (7)
 v - a wand of flame (33)
 A - a wand of digging (15)
 B - a wand of scattershot (3)
Scrolls
 b - 2 scrolls of enchant weapon
 h - 2 scrolls of remove curse
 n - 2 scrolls of blinking
 u - a scroll of magic mapping
 w - 2 scrolls of amnesia
Potions
 c - 3 potions of curing
 i - 2 potions of haste
 j - a potion of flight
 k - 2 potions of might
 o - 2 potions of brilliance
 p - 3 potions of agility
 s - a potion of berserk rage
 x - a potion of heal wounds
 z - 2 potions of lignification {unknown}
Comestibles
 f - 7 rations


   Skills:
 + Level 5.8(4.2) Fighting
 + Level 3.5(1.9) Short Blades
 + Level 3.5(1.9) Long Blades
 + Level 3.5(1.9) Axes
 + Level 3.5(1.9) Maces & Flails
 + Level 3.5(1.9) Polearms
 + Level 3.5(1.9) Staves
 + Level 3.5(1.9) Slings
 + Level 3.5(1.9) Bows
 + Level 9.2(7.5) Crossbows
 + Level 3.5(1.9) Throwing
 + Level 3.5(1.9) Armour
 + Level 5.8(4.2) Dodging
 + Level 4.2(2.7) Stealth
 + Level 3.5(1.9) Shields
 + Level 3.5(1.9) Unarmed Combat
 + Level 3.5(1.9) Spellcasting
 + Level 2.8(1.3) Conjurations
 + Level 2.8(1.3) Hexes
 + Level 2.8(1.3) Charms
 + Level 2.8(1.3) Summonings
 + Level 2.8(1.3) Necromancy
 + Level 2.8(1.3) Translocations
 + Level 2.8(1.3) Transmutations
 + Level 2.8(1.3) Fire Magic
 + Level 2.8(1.3) Ice Magic
 + Level 2.8(1.3) Air Magic
 + Level 2.8(1.3) Earth Magic
 + Level 2.8(1.3) Poison Magic
 + Level 3.8(2.3) Invocations
 + Level 3.5(1.9) Evocations


You had 14 spell levels left.
You didn't know any spells.

Dungeon Overview and Level Annotations

Branches:
Dungeon (7/15)             Temple (1/1) D:6

Altars:
Ashenzari
Dithmenos
Gozag
Hepliaklqana
Kikubaaqudgha
Qazlal
Trog
Uskayaw
Yredelemnul
The Shining One


Innate Abilities, Weirdness & Mutations

Your experience applies equally to all skills.
You have very sharp teeth.
Your uncanny sense of smell can sniff out nearby items.
You have a pair of small horns on your head.
Armour fits poorly on your strangely shaped body.
Your flesh is heat resistant. (rF+)
You are frail. (-10% HP)
Your magical capacity is low. (-10% MP)


Message History

You closely miss the wight. You slash the wight! You block the wight's attack.
The wight hits you with a war axe!
* * * LOW HITPOINT WARNING * * *
The wight closely misses you.
You hit the wight but do no damage. Your headbutt misses the wight.
The wight is heavily damaged.
Your chain mail prevents you from hitting the wight.
You hit the wight. You block the wight's attack. The wight barely misses you.
The wight hits you but does no damage.
Your chain mail prevents you from hitting the wight.
Your headbutt misses the wight. You bite the wight, but do no damage.
The wight is heavily damaged.
You completely miss the wight. You barely miss the wight.
The wight hits you with a dire flail.
* * * LOW HITPOINT WARNING * * *
You feel drained.
* * * LOW HITPOINT WARNING * * *
You block the wight's attack. x2; The wight hits you with a battleaxe.
You die...
Your body crumbles into a pile of gold.

##########
#.$.......#
#.........######
...............
.......?.......
#............
#..?.zz......
#....@z......
####.#####...
+.##.## +.....#
#...# #.....#
#...# #.....#
#...# # #.....#
#...# #
####.....# #...#
# .........#
#...# #


You could see 3 wights.

Vanquished Creatures
  Grinder (D:4)
  An orc warrior (D:2)
  A sky beast (D:6)
  An ice beast (D:6)
  An ogre (D:5)
  A big kobold (D:7)
  A bullfrog (D:6)
  A water moccasin skeleton (D:6)
  2 crimson imps
  Crazy Yiuf (D:3)
  A centaur skeleton (D:3)
  An orc wizard (D:2)
  7 iguanas
  5 worker ants
  A hound skeleton (D:6)
  A worker ant zombie (D:4)
  4 gnolls (D:6)
  10 adders
  An adder skeleton (D:4)
  4 worms
  A dart slug (D:1)
  3 leopard geckos
  16 orcs
  9 giant cockroaches
  10 goblins
  6 hobgoblins (D:1)
  10 jackals
  2 quokkas
  2 bats
  13 kobolds
  A leopard gecko skeleton (D:6)
  A leopard gecko zombie (D:7)
  A quokka skeleton (D:5)
  8 rats
129 creatures vanquished.

Notes
Turn   | Place    | Note
-------+----------+-------------------------------------------
     0 | D:1      | wolfsongas the Gnoll Hunter began the quest for the Orb.
     0 | D:1      | Reached XP level 1. HP: 20/20 MP: 1/1
    82 | D:1      | Reached XP level 2. HP: 26/26 MP: 2/2
   560 | D:1      | Reached XP level 3. HP: 31/31 MP: 3/3
   998 | D:2      | Reached skill level 1 in Invocations
  1028 | D:2      | Noticed an orc warrior
  1046 | D:2      | Killed an orc warrior
  1046 | D:2      | Reached skill level 1 in Short Blades
  1046 | D:2      | Reached skill level 1 in Long Blades
  1046 | D:2      | Reached skill level 1 in Axes
  1046 | D:2      | Reached skill level 1 in Maces & Flails
  1046 | D:2      | Reached skill level 1 in Polearms
  1046 | D:2      | Reached skill level 1 in Staves
  1046 | D:2      | Reached skill level 1 in Slings
  1046 | D:2      | Reached skill level 1 in Bows
  1046 | D:2      | Reached skill level 1 in Throwing
  1046 | D:2      | Reached skill level 1 in Armour
  1046 | D:2      | Reached skill level 1 in Shields
  1046 | D:2      | Reached skill level 1 in Unarmed Combat
  1046 | D:2      | Reached skill level 1 in Spellcasting
  1046 | D:2      | Reached skill level 1 in Conjurations
  1046 | D:2      | Reached skill level 1 in Hexes
  1046 | D:2      | Reached skill level 1 in Charms
  1046 | D:2      | Reached skill level 1 in Summonings
  1046 | D:2      | Reached skill level 1 in Necromancy
  1046 | D:2      | Reached skill level 1 in Translocations
  1046 | D:2      | Reached skill level 1 in Transmutations
  1046 | D:2      | Reached skill level 1 in Fire Magic
  1046 | D:2      | Reached skill level 1 in Ice Magic
  1046 | D:2      | Reached skill level 1 in Air Magic
  1046 | D:2      | Reached skill level 1 in Earth Magic
  1046 | D:2      | Reached skill level 1 in Poison Magic
  1046 | D:2      | Reached skill level 1 in Evocations
  1046 | D:2      | Reached XP level 4. HP: 9/38 MP: 4/6
  1046 | D:2      | Reached XP level 5. HP: 10/43 MP: 4/7
  2158 | D:3      | Reached XP level 6. HP: 37/50 MP: 8/8
  2543 | D:3      | Found a runed door.
  2547 | D:3      | Noticed Crazy Yiuf
  2552 | D:3      | Killed Crazy Yiuf
  2552 | D:3      | Reached skill level 5 in Fighting
  2552 | D:3      | Reached skill level 5 in Dodging
  2670 | D:3      | Gained mutation: You are agile. (Dex +2) [potion of mutation]
  2670 | D:3      | Gained mutation: Your muscles are strong. (Str +2) [potion of mutation]
  2672 | D:3      | Lost mutation: Your muscles are strong. (Str +2) [potion of mutation]
  2672 | D:3      | Lost mutation: You are agile. (Dex +2) [potion of mutation]
  2672 | D:3      | Gained mutation: You are agile. (Dex +2) [potion of mutation]
  2672 | D:3      | Gained mutation: You have large cloven feet. [potion of mutation]
  2672 | D:3      | Gained mutation: You are partially covered in rugged brown scales. (AC +1, +3% HP) [potion of mutation]
  2949 | D:4      | Found a hide-covered altar of Uskayaw.
  3260 | D:4      | Noticed Grinder
  3286 | D:4      | Killed Grinder
  3286 | D:4      | Reached XP level 7. HP: 41/57 MP: 10/10
  3769 | D:5      | Entered Level 5 of the Dungeon
  3939 | D:5      | Reached skill level 9 in Crossbows
  4159 | D:5      | Got a distressingly furry shield
  4165 | D:5      | Identified the +4 shield of the Dice {rPois rC+ rCorr} (You found it on level 5 of the Dungeon)
  4536 | D:5      | Reached XP level 8. HP: 64/64 MP: 12/12
  5410 | D:6      | Found a staircase to the Ecumenical Temple.
  5439 | Temple   | Entered the Ecumenical Temple
  5508 | Temple   | Became a worshipper of Gozag Ym Sagoz the Greedy
  5756 | D:7      | Lost mutation: You have large cloven feet. [potion of mutation]
  5756 | D:7      | Lost mutation: You are agile. (Dex +2) [potion of mutation]
  5756 | D:7      | Lost mutation: You are partially covered in rugged brown scales. (AC +1, +3% HP) [potion of mutation]
  5756 | D:7      | Gained mutation: You have a pair of small horns on your head. [potion of mutation]
  5756 | D:7      | Gained mutation: Your muscles are strong. (Str +2) [potion of mutation]
  5757 | D:7      | Lost mutation: Your muscles are strong. (Str +2) [potion of mutation]
  5757 | D:7      | Gained mutation: You are frail. (-10% HP) [potion of mutation]
  5757 | D:7      | Gained mutation: Your magical capacity is low. (-10% MP) [potion of mutation]
  5757 | D:7      | Gained mutation: Armour fits poorly on your strangely shaped body. [potion of mutation]
  5757 | D:7      | Gained mutation: Your flesh is heat resistant. (rF+) [potion of mutation]
  5824 | D:7      | Slain by a wight

Vault maps used:
D:1:      minmay_arrival_nine_rooms
D:2:      first_ration, hangedman_decor_diamond_cutter
D:3:      uniq_crazy_yiuf_cottage
D:4:      marbit_many_paths, uniq_grinder
D:6:      minmay_temple_entry_nine_rooms
D:7:      kennysheep_generic_room_4
Temple:   dpeg_five_rooms_temple

Skill      XL: |  1  2  3  4  5  6  7  8 |
---------------+-------------------------+-----
Invocations    | 1 2 3 |  3.8
Short Blades   | 1 2 3 |  3.5
Long Blades    | 1 2 3 |  3.5
Axes           | 1 2 3 |  3.5
Maces & Flails | 1 2 3 |  3.5
Polearms       | 1 2 3 |  3.5
Staves         | 1 2 3 |  3.5
Slings         | 1 2 3 |  3.5
Bows           | 1 2 3 |  3.5
Throwing       | 1 2 3 |  3.5
Armour         | 1 2 3 |  3.5
Shields        | 1 2 3 |  3.5
Unarmed Combat | 1 2 3 |  3.5
Spellcasting   | 1 2 3 |  3.5
Conjurations   | 1 2 |  2.8
Hexes          | 1 2 |  2.8
Charms         | 1 2 |  2.8
Summonings     | 1 2 |  2.8
Necromancy     | 1 2 |  2.8
Translocations | 1 2 |  2.8
Transmutations | 1 2 |  2.8
Fire Magic     | 1 2 |  2.8
Ice Magic      | 1 2 |  2.8
Air Magic      | 1 2 |  2.8
Earth Magic    | 1 2 |  2.8
Poison Magic   | 1 2 |  2.8
Evocations     | 1 2 3 |  3.5
Stealth        | 3 4 |  4.2
Fighting       | 5 |  5.8
Dodging        | 5 |  5.8
Crossbows      | 9 |  9.2

Action                   |  1- 3 |  4- 6 |  7- 9 || total
-------------------------+-------+-------+-------++-------
Melee: Short sword       |     3 |    21 |       ||    24
       Hand axe          |       |   112 |   188 ||   300
       Bite              |       |    14 |    25 ||    39
       Punch             |       |     3 |     1 ||     4
       Kick              |       |    21 |    67 ||    88
       Headbutt          |       |       |     2 ||     2
 Fire: Hand crossbow     |    70 |    18 |       ||    88
  Use: Potion            |     3 |     5 |     2 ||    10
       Scroll            |       |    11 |     5 ||    16
  Eat: Chunk             |       |     3 |     5 ||     8
       Ration            |       |     2 |       ||     2
Armor: Leather armour    |     2 |     1 |       ||     3
       Chain mail        |       |    55 |    62 ||   117
Dodge: Dodged            |    13 |    75 |    45 ||   133
Block: Shield            |       |       |   110 ||   110

Table legend:
 A = Spawn XP
 B = Non-spawn XP
 C = Spawn XP percentage of total XP
 D = Spawn monster count
 E = Non-spawn monster count
 F = Spawn count percentage of total count
 G = Total turns spent on level
                    A         B        C        D         E        F      G
               +---------+---------+-------+---------+---------+-------+---------
         Total |       0 |    2107 |   0.0 |       0 |     129 |   0.0 |  5824
               +---------+---------+-------+---------+---------+-------+---------
           D:1 |       0 |      47 |   0.0 |       0 |      26 |   0.0 |   977
           D:2 |       0 |     231 |   0.0 |       0 |      19 |   0.0 |   996
           D:3 |       0 |     169 |   0.0 |       0 |      17 |   0.0 |   718
           D:4 |       0 |     470 |   0.0 |       0 |      17 |   0.0 |  1078
           D:5 |       0 |     308 |   0.0 |       0 |      15 |   0.0 |   863
           D:6 |       0 |     731 |   0.0 |       0 |      24 |   0.0 |   854
           D:7 |       0 |     151 |   0.0 |       0 |      11 |   0.0 |   219
               +---------+---------+-------+---------+---------+-------+---------
